 Dungeon Crawl Stone Soup version 0.27.1-3-gb3d3a73c9e (console) character file.

Game seed: 9209419601646277190

120 Banquo the Skirmisher (level 5, 0/41 HPs)
             Began as a Djinni Hunter on Oct 10, 2021.
             Splashed by a jelly's acid (6 damage)
             ... on level 4 of the Dungeon.
             The game lasted 00:08:26 (6967 turns).

Banquo the Skirmisher (Djinni Hunter)               Turns: 6967, Time: 00:08:27

Health: 0/41       AC:  0    Str: 11    XL:     5   Next: 25%
Gold:   151        EV: 11    Int: 14    God:
                   SH:  0    Dex: 13

rFire    + + .     SeeInvis .   a - +0 hand axe (freeze)
rCold    x . .     Faith    .   (no shield)
rNeg     . . .     Spirit   .   c - +0 leather armour
rPois    ∞         Reflect  .   (no helmet)
rElec    .         Harm     .   n - +0 cloak
rCorr    .         Rampage  .   (no gloves)
Will     .....                  (boots unavailable)
Stlth    +.........             (no amulet)
HPRegen  0.13/turn              (no ring)
MPRegen  0.00/turn              (no ring)

@: corroded, flying
A: sickness immunity, fire resistance 2, cold vulnerability 1, float, innate
caster, hp casting, extra vitality 1
a: no special abilities


You were on level 4 of the Dungeon.
You visited 1 branch of the dungeon, and saw 4 of its levels.

You collected 151 gold pieces.

Inventory:

Hand Weapons
 a - a +0 hand axe of freezing (weapon)
 b - a +1 hand crossbow
 h - a +0 short sword
 j - a +0 spear
 p - a +1 dagger of electrocution
Missiles
 d - 20 bolts
 e - 68 stones (quivered)
Armour
 c - a +0 leather armour (worn)
 m - a +0 crystal plate armour
 n - a +0 cloak (worn)
Jewellery
 s - a ring of magical power
Scrolls
 f - a scroll of identify {unknown}
 i - a scroll of magic mapping {unknown}
 l - 2 scrolls of teleportation {unknown}
 o - 3 scrolls of amnesia {unknown}
 q - a scroll of acquirement {unknown}
Potions
 g - 2 potions of might {unknown}
 k - a potion of brilliance {unknown}
 r - a potion of heal wounds {unknown}


   Skills:
 * Level 4.1 Fighting
 - Level 3.2 Crossbows
 - Level 2.1 Dodging
 - Level 0.7 Stealth
 * Level 1.8 Spellcasting


You had 4 spell levels left.
You knew the following spells:

 Your Spells              Type           Power      Damage    Failure   Level
a - Corona                Hex            6%         N/A       14%         1
b - Wereblood             Tmut           6%         N/A       22%         2
Your spell library was empty.

Dungeon Overview and Level Annotations

Branches:
Dungeon (4/15)
 Temple: D:4-7

Altars:
Dithmenos
Makhleb
Zin
Beogh


Innate Abilities, Weirdness & Mutations

You are immune to sickness and miasma.
You are immune to poison.
Your flesh is very heat resistant. (rF++)
You are vulnerable to cold. (rC-)
You float through the air rather than walking.
You learn spells naturally, not from books.
Your magical power is your life essence.
You have superior vitality. (+4 HP)


Message History

You see here a +0 dagger.
There is an open door here.
There is an open door here.
There is an open door here.
You see here a +0 long sword.
There is an open door here.
There is a burning altar of Makhleb here.
Done exploring.
Search for what [Enter for "."]? .
There is an open door here.
There is an escape hatch in the floor here.
There is an open door here.
You see here a +0 mace.
There is a stone staircase leading down here.
You fly downwards.
You hear the sound of rushing water.
There is an entrance to a sewer on this level.
Hurry and find it before the portal rusts away!
There is a stone staircase leading up here.
A ball python comes into view.
The jelly quivers.
The jelly hits you but does no damage.
You hit the jelly but do no damage.
Your hands burn!
The ball python hisses angrily.
The jelly hits you. The acid corrodes you!
You are splashed with acid!
You hit the jelly but do no damage.
Your hands burn!
You completely miss the ball python. The ball python barely misses you. x2
The jelly closely misses you. The ball python bites you.
The ball python grabs you. The ball python constricts you.
You barely miss the jelly. You closely miss the ball python.
The jelly hits you.
You are splashed with acid.
The ball python bites you.
* * * LOW HITPOINT WARNING * * *
The ball python constricts you.
* * * LOW HITPOINT WARNING * * *
Unknown command.
You escape the ball python's grasp.
The jelly barely misses you.
There is a stone staircase leading up here.
The jelly hits you.
* * * LOW HITPOINT WARNING * * *
You are splashed with acid.
You die...

#####
####.....
#@.......
#JS#.####
#....##
#.8...#
.........⌠..#
#######.8...#
#.....#
#.##### #.#


You could see a jelly and a ball python.

Vanquished Creatures
  An orc priest (D:2)
  An adder (D:2)
  2 worms (D:2)
  4 orcs
  9 bats
  7 endoplasms
  7 giant cockroaches
  5 goblins
  7 hobgoblins
  3 jackals (D:1)
  2 quokkas (D:2)
  3 ball pythons
  2 frilled lizards
  4 kobolds
  8 rats
65 creatures vanquished.

Vanquished Creatures (others)
  31 plants (D:2)
31 creatures vanquished.

Grand Total: 96 creatures vanquished

Notes
Turn   | Place    | Note
-------+----------+-------------------------------------------
     0 | D:1      | Banquo the Djinni Hunter began the quest for the Orb.
     0 | D:1      | Reached XP level 1. HP: 18/18 MP: 0/0
   197 | D:1      | Reached XP level 2. HP: 23/23 MP: 0/0
   538 | D:1      | Reached skill level 1 in Spellcasting
   747 | D:1      | Reached XP level 3. HP: 29/29 MP: 0/0
   747 | D:1      | Learned a level 1 spell: Corona
   963 | D:1      | Found a faded altar of an unknown god.
  1692 | D:1      | Found a faded altar of an unknown god.
  2354 | D:2      | Reached skill level 3 in Fighting
  2822 | D:2      | Reached XP level 4. HP: 24/36 MP: 0/0
  3814 | D:2      | Reached XP level 5. HP: 41/41 MP: 0/0
  3814 | D:2      | Learned a level 2 spell: Wereblood
  5008 | D:3      | Reached skill level 4 in Fighting
  5071 | D:3      | Found a shadowy altar of Dithmenos.
  5071 | D:3      | Found a burning altar of Makhleb.
  5238 | D:3      | Found a glowing silver altar of Zin.
  6215 | D:3      | Found a glowing silver altar of Zin.
  6903 | D:3      | Found a burning altar of Makhleb.
  6906 | D:3      | Found a shadowy altar of Dithmenos.
  6967 | D:4      | Splashed by a jelly's acid

Illustrated notes

Levels and vault maps discovered:
D:1:      wheals_arrival_linesprint, layout_basic,
          hellmonk_ecumenical_altar_defaced_shrine, nrook_uturn
D:2:      layout_basic, serial_bayou, serial_bayou_crossing,
          serial_bayou_lake_a, serial_bayou_pond_a, serial_bayou_lagoon_a,
          serial_bayou_pond_a
D:3:      layout_loops_corners, mainiacjoe_overflow_paths,
          gammafunk_temple_overflow_statue
D:4:      layout_loops_ring, nzn_wu_jian_contemplation,
          mainiacjoe_overflow_surrounded_room, portal_sewer_entry_f,
          hangedman_feature_mirror, uniq_sigmund, uniq_robin

Skill      XL: |  1  2  3  4  5 |
---------------+----------------+-----
Spellcasting   | 1 |  1.8
Fighting       | 3 4 |  4.1
Crossbows      | |  3.2
Dodging        | |  2.1
Stealth        | |  0.7

Action                   |  1- 3 |  4- 6 || total
-------------------------+-------+-------++-------
Melee: Short sword       |    53 |       ||    53
       Hand axe          |    70 |    98 ||   168
 Fire: Hand crossbow     |     3 |     1 ||     4
Throw: Stone             |       |     2 ||     2
 Stab: Sleeping          |     3 |       ||     3
Armor: Leather armour    |    44 |    31 ||    75
Dodge: Dodged            |    82 |    61 ||   143
